 Dungeon Crawl Stone Soup version 0.32-a0-834-geaf45d8e21 (webtiles) character file.

Game seed: 14655618133247861770

203 AstroCodex24 the Chopper (level 5, -1/39 (41) HPs)
             Began as a Vampire Fighter on Mar 26, 2024.
             Slain by an orc
             ... wielding a +2 hand axe of freezing
              (2 damage)
             ... on level 7 of the Dungeon.
             The game lasted 00:05:17 (730 turns).

AstroCodex24 the Chopper (Vampire Fighter)           Turns: 730, Time: 00:05:17

HP:   -1/39 (41)    AC:  6    Str: 17    XL:     5   Next: 51%
MP:   5/5           EV:  8    Int: 14    God:
Gold: 24            SH:  4    Dex: 13    Spells: 4/4 levels left

rFire   . . .        f - staff of Spores {rN+ Int+3 Stlth+ Necro}
rCold   . . .        c - +0 buckler
rNeg    + . .        b - +0 scale mail
rPois   .            (no helmet)
rElec   .            (no cloak)
rCorr   .            (no gloves)
SInv    +            (no boots)
Will    .....        (no amulet)
Stlth   +            (no ring)
HPRegen 0.46/turn    (no ring)
MPRegen 0.09/turn

%: no passive effects
@: healing quickly, lightly drained
A: alive, fangs 3, see invisible, vampiric 2
a: Exsanguinate


You were on level 7 of the Dungeon.
You visited 2 branches of the dungeon, and saw 7 of its levels.

You collected 24 gold pieces.

Inventory:

Hand Weapons
 a - a +0 war axe
Armour
 b - a +0 scale mail (worn)
 c - a +0 buckler (worn)
Magical Staves
 f - the staff of Spores (weapon) {rN+ Int+3 Stlth+ Necro}
   (You acquired it on level 7 of the Dungeon)

   [staff of death]

   Base accuracy: +5 Base damage: 5 Base attack delay: 1.2 This weapon's minimum
   attack delay (0.6) is reached at skill level 12.
   Int+3:     It affects your intelligence (+3).
   rN+:       It protects you from negative energy.
   Stlth+:    It makes you more stealthy.
   Necro:     It increases the power of your Necromancy spells.
   It falls into the 'Staves' category.
   It is a one-handed weapon.
Jewellery
 e - a ring of ice
 g - an amulet of reflection
Scrolls
 d - a scroll of noise
Potions
 j - a potion of lignification {unknown}
 k - a potion of attraction {unknown}


   Skills:
 + Level 3.4 Fighting
 + Level 3.7 Axes
 + Level 3.1 Armour
 + Level 0.9 Dodging
 + Level 3.2 Shields


You had 4 spell levels left.
You didn't know any spells.
Your spell library was empty.

Dungeon Overview and Level Annotations

Branches:
Dungeon (5/15)             Temple (1/1) D:4

Altars:
Ashenzari
Fedhas
Makhleb
Qazlal
Trog
Vehumet
Lugonu

Annotations:
D:7 Jeremiah


Innate Abilities, Weirdness & Mutations

Your natural rate of healing is accelerated.
You have razor-sharp teeth.
You have supernaturally acute eyesight. (SInv)
You are afflicted with vampirism and can become a bat while bloodless.


Message History

The butterfly disappears in a burst of colours!
The ufetubus hits you but does no damage.
The ufetubus closely misses you. You block the ufetubus's attack. x2
The orc hits you but does no damage.
Jeremiah hops!
You hit the ufetubus.
The ufetubus is severely wounded.
The butterfly disappears in a burst of colours! x2
The ufetubus hits you but does no damage.
You block the ufetubus's attack. The orc hits you with a +0 dagger.
The ufetubus hits you.
The ufetubus hits you but does no damage.
You closely miss the ufetubus.
The ufetubus is severely wounded.
The butterfly disappears in a burst of colours! x2
The ufetubus slips past you! You block the ufetubus's attack.
The ufetubus hits you but does no damage.
You block the orc's attack. The orc barely misses you.
An ice beast comes into view.
The ufetubus barely misses you.
The ufetubus hits you but does no damage.
The orc barely misses you. The orc hits you but does no damage.
You block the ufetubus's attack. The ufetubus hits you.
You barely miss the orc. You bite the orc.
The orc is heavily wounded.
The butterfly disappears in a burst of colours! x2
The ufetubus hits you but does no damage.
The ufetubus closely misses you.
The orc hits you with a +2 hand axe of freezing.
* * * LOW HITPOINT WARNING * * *
The orc freezes you.
* * * LOW HITPOINT WARNING * * *
The orc hits you but does no damage.
The ufetubus hits you but does no damage.
The ufetubus hits you.
* * * LOW HITPOINT WARNING * * *
The orc completely misses you.
The orc hits you with a +2 hand axe of freezing.
* * * LOW HITPOINT WARNING * * *
The orc freezes you.
You die...

#......##....##
#.............#
.......####....#
..#............#
. #...######...#
#............#
#..########..#
.#. .bbbb...5#
...# b.YF..o@o#
bb..b.....#
#bbbb#..###
#...##### ##.#
##


You could see Jeremiah, an ice beast, an ufetubus and 2 orcs.

Vanquished Creatures
  A scorpion (D:5)
  A howler monkey (D:4)
  A hound (D:5)
  An orc priest (D:4)
  An iguana (D:3)
  2 ribbon worms (D:4)
  An orc (D:7)
  4 endoplasms
  A giant cockroach (D:2)
  4 goblins
  A hobgoblin (D:4)
  2 kobolds
  A rat (D:1)
21 creatures vanquished.

Notes
Turn   | Place    | Note
-------+----------+-------------------------------------------
     0 | D:1      | AstroCodex24 the Vampire Fighter began the quest for the
                  | Orb.
     0 | D:1      | Reached XP level 1. HP: 17/17 MP: 1/1
   263 | D:2      | Reached XP level 2. HP: 23/23 MP: 2/2
   320 | D:4      | Found a radiant altar of Vehumet.
   335 | D:4      | Noticed a howler monkey
   360 | D:4      | Killed a howler monkey
   361 | D:4      | Gained mutation: You are afflicted with vampirism and can
                  | become a bat while bloodless. [Vampire growth]
   361 | D:4      | Reached XP level 3. HP: 19/29 MP: 3/3
   406 | D:3      | Reached XP level 4. HP: 12/35 MP: 4/4
   532 | D:4      | Found a staircase to the Ecumenical Temple.
   549 | Temple   | Entered the Ecumenical Temple
   630 | D:5      | Entered Level 5 of the Dungeon
   632 | D:5      | Noticed a scorpion
   640 | D:5      | Killed a scorpion
   641 | D:5      | Reached XP level 5. HP: 30/41 MP: 5/5
   655 | D:5      | You fall into a shaft and drop 2 floors!
   682 | D:7      | Noticed Jeremiah
   716 | D:7      | Identified a scroll of acquirement
   717 | D:7      | Acquired the staff of Spores {rN+ Int+3 Stlth+ Necro}
   728 | D:7      | Noticed an ice beast
   730 | D:7      | HP: 1/39 [orc/+2 hand axe of freezing (5)]
   730 | D:7      | Slain by an orc

Illustrated notes

Levels and vault maps discovered:
D:1:      psy_arrival_conway, layout_loops_ring, serial_shops, shop,
          nicolae_shop_unique_rings
D:2:      layout_basic, ebering_ecumenical_altar_abandoned, uniq_jessica,
          uniq_robin
D:3:      layout_basic, gup_sewer_entry_bowl
D:4:      dreamdust_elfheim, layout_basic, nicolae_wu_jian_wuxing_cycle,
          grunt_gozag_statues, amcnicky_altar_gilded,
          mainiacjoe_overflow_small_starburst, kennysheep_little_box,
          minmay_temple_entry_proselytizer
D:5:      layout_layer_cave, nemelex_xobeh_ov_fountains_minmay,
          dk_yredelemnul_ordeal, minmay_parallelograms,
          chequers_serial_rivers_micro_e, uniq_duvessa, uniq_edmund
D:7:      layout_cave_pools, nicolae_hepliaklqana_ecumenical_no_more,
          grunt_ministairs_12, minmay_misc_feat_more_columns,
          ebering_dispersal_statue_hall, nicolae_stop_n_shop_1, uniq_jeremiah
Temple:   corrupted_temple

Skill      XL: |  1  2  3  4 |
---------------+-------------+-----
Shields        | 3 |  3.2
Axes           | 2 3 |  3.7
Fighting       | 3 |  3.4
Armour         | 3 |  3.1
Dodging        | |  0.9

Action                     |  1- 3 |  4- 6 || total
---------------------------+-------+-------++-------
  Melee: War axe           |   177 |    17 ||   194
         Bite              |    13 |     3 ||    16
         Staff             |       |     7 ||     7
    Use: Potion            |       |     1 ||     1
         Scroll            |       |     5 ||     5
 Armour: Scale mail        |    40 |    35 ||    75
  Dodge: Dodged            |    13 |    21 ||    34
  Block: Buckler           |    12 |    15 ||    27

Table legend: (Time is in decaauts)
 A = Elapsed time spent in this place.
 B = Non-inter-level travel time spent in this place.
 C = Inter-level travel time spent in this place.
 D = Time resting spent in this place.
 E = Time spent auto-exploring this place.
 F = Levels seen in this place.
 G = Mean time per level.
                   A        B        C        D        E       F      G
               +--------+--------+--------+--------+--------+-----+--------+
         Total |    824 |    824 |      0 |      0 |      0 |   7 |  117.7 |
       Dungeon |    796 |    796 |      0 |      0 |      0 |   6 |  132.7 |
        Temple |     28 |     28 |      0 |      0 |      0 |   1 |   28.0 |
               +--------+--------+--------+--------+--------+-----+--------+

Top non-repeatable levels by time:
     D:1: 317 daAuts
     D:4: 232 daAuts
     D:3: 116 daAuts
     D:7: 76 daAuts
  Temple: 28 daAuts
     D:5: 27 daAuts
     D:2: 26 daAuts
